 Dungeon Crawl Stone Soup version 0.17-a0-915-g8914353 (webtiles) character file.

151 krabocopter the Magician (level 5, -6/41 HPs)
             Began as a Draconian Conjurer on May 4, 2015.
             Mangled by a gnoll (7 damage)
             ... on level 4 of the Dungeon.
             The game lasted 00:12:48 (3301 turns).

krabocopter the Magician (Draconian Conjurer)       Turns: 3301, Time: 00:12:49

Health: -6/41      AC:  5    Str: 11    XL:     5   Next: 10%
Magic:  5/11       EV: 12    Int: 16    God:
Gold:   173        SH:  0    Dex: 11    Spells: 1 memorised, 12 levels left

rFire  . . .     SeeInvis .     n - +0 quarterstaff
rCold  . . .     Clarity  .     (armour unavailable)
rNeg   . . .     SustAb   .     (no shield)
rPois  .         Gourm    .     (helmet restricted)
rElec  .         Spirit   .     (no cloak)
rCorr  .         Warding  .     (no gloves)
rMut   .         Stasis   .     (no boots)
MR     .....                    (no amulet)
Stlth  ++........               (no ring)
                                (no ring)

@: not resistant to hostile enchantments, unstealthy
A: unfitting armour, cold-blooded, AC +5
a: no special abilities


You were on level 4 of the Dungeon.
You were not hungry.

You visited 1 branch of the dungeon, and saw 4 of its levels.

You collected 173 gold pieces.

Inventory:

Hand weapons
 m - a +0 short sword
 n - a +0 quarterstaff (weapon)
Scrolls
 f - a scroll of enchant armour {unknown}
 g - 4 scrolls of remove curse {unknown}
 i - a scroll of random uselessness {unknown}
 k - a scroll of enchant weapon {unknown}
 p - a scroll of noise {unknown}
 s - a scroll of fear {unknown}
Potions
 c - a potion of resistance {unknown}
 d - a potion of lignification {unknown}
 e - 2 potions of curing {unknown}
 j - a potion of agility {unknown}
 l - a potion of might {unknown}
 q - a potion of brilliance {unknown}
Books
 a - a book of Conjurations

   Spells                             Type                      Level
   a - Magic Dart                     Conjuration                  1
   b - Searing Ray                    Conjuration                  2
   c - Dazzling Spray                 Conjuration/Hexes            3
   d - Fulminant Prism                Conjuration/Hexes            4
   e - Iskenderun's Mystic Blast      Conjuration                  4
   f - Iskenderun's Battlesphere      Conjuration/Charms           5
 h - a book of Beasts

   Spells                             Type                      Level
   a - Summon Butterflies             Summoning                    1
   b - Call Canine Familiar           Summoning                    3
   c - Summon Ice Beast               Ice/Summoning                4
   d - Summon Mana Viper              Hexes/Summoning              5
   e - Monstrous Menagerie            Summoning                    6
   f - Summon Hydra                   Summoning                    7
Comestibles
 b - 3 bread rations
 o - a meat ration
 r - 4 chunks of flesh
 t - a beef jerky


   Skills:
 + Level 1.6 Fighting
 - Level 0.2 Staves
 - Level 1.7 Dodging
 - Level 1.7 Stealth
 - Level 4.6 Spellcasting
 - Level 4.0 Conjurations


You had 12 spell levels left.
You knew the following spells:

 Your Spells              Type           Power        Failure   Level  Hunger
a - Magic Dart            Conj           ###.         3%          1    None


Dungeon Overview and Level Annotations

Branches:
Dungeon (4/15)
 Temple: D:4-7

Altars:
Fedhas
Qazlal


Innate Abilities, Weirdness & Mutations

Your plain brown scales are hard (AC +5).
Your body does not fit into most forms of armour.
You are cold-blooded and may be slowed by cold attacks.


Message History

The gnoll is severely wounded.
The gnoll hits you but does no damage. The gnoll hits you.
* * * LOW HITPOINT WARNING * * *
Casting: Magic Dart
Confirm with . or Enter, or press ? or * to list all spells.
Aiming: Magic Dart
Press: ? - help, Shift-Dir - straight line, f/p - gnoll
Aim: a gnoll, wielding a spear (severely wounded)
The magic dart hits the gnoll.
The gnoll is almost dead.
The gnoll closely misses you. The gnoll barely misses you.
Casting: Magic Dart
Confirm with . or Enter, or press ? or * to list all spells.
Aiming: Magic Dart
Press: ? - help, Shift-Dir - straight line, f/p - gnoll
Aim: a gnoll, wielding a spear (almost dead)
The magic dart hits the gnoll.
You kill the gnoll!
The gnoll hits you!
You die...

g.....
....
#...
#..#
#g.#
#..#
##.#
#g)#
#@.###
##....#
#..##..#
#### #+#


You could see a gnoll.

Vanquished Creatures
  3 gnolls (D:4)
  3 adders
  3 oozes
  An adder zombie (D:3)
  2 worms (D:2)
  4 giant geckos
  An orc (D:3)
  9 goblins
  6 hobgoblins
  3 jackals (D:2)
  8 kobolds
  3 quokkas
  2 ball pythons (D:1)
  10 bats
  A giant cockroach (D:3)
  5 giant newts
  12 rats
  3 toadstools (D:1)
79 creatures vanquished.

Vanquished Creatures (others)
  A toadstool (D:1)
1 creature vanquished.

Grand Total: 80 creatures vanquished

Notes
Turn   | Place    | Note
--------------------------------------------------------------
     0 | D:1      | krabocopter, the Draconian Conjurer, began the quest for the Orb.
     0 | D:1      | Reached XP level 1. HP: 14/14 MP: 3/3
   137 | D:1      | Reached XP level 2. HP: 10/20 MP: 1/5
   992 | D:1      | Reached XP level 3. HP: 23/26 MP: 7/7
  1980 | D:3      | Reached XP level 4. HP: 21/33 MP: 10/10
  2614 | D:3      | Found a blossoming altar of Fedhas.
  2663 | D:3      | Found a stormy altar of Qazlal.
  3295 | D:4      | Reached skill level 1 in Fighting
  3295 | D:4      | Reached XP level 5. HP: 12/40 MP: 11/11
  3299 | D:4      | HP: 1/40 [gnoll (3)]
  3301 | D:4      | Mangled by a gnoll

Action                   |  1- 3 |  4- 6 || total
-------------------------+-------+-------++-------
Melee: Unarmed           |    31 |       ||    31
       Dagger            |   183 |       ||   183
       Short sword       |     5 |   124 ||   129
       Quarterstaff      |       |    35 ||    35
 Cast: Magic Dart        |    25 |     6 ||    31
 Stab: Sleeping          |     1 |       ||     1
  Eat: Chunk             |     3 |     5 ||     8
